 Dungeon Crawl Stone Soup version 0.31-a0-149-g3fdcc5976a (webtiles) character file.

Game seed: 16872313227888133139

6152 DavidChitty2 the Cleaver (level 10, 41/91 HPs)
             Began as a Minotaur Fighter on June 7, 2023.
             Quit the game on level 1 of the Abyss.
             The game lasted 00:10:42 (8687 turns).

DavidChitty2 the Cleaver (Minotaur Fighter)         Turns: 8687, Time: 00:10:43

Health: 41/91      AC: 17    Str: 24    XL:     10   Next: 59%
Magic:  9/9        EV:  6    Int:  5    God:
Gold:   547        SH: 10    Dex: 11    Spells: 9/9 levels left

rFire   . . .        a - +1 war axe
rCold   + . .        j - +0 kite shield
rNeg    . . .        w - +0 plate armour
rPois   .            (helmet restricted)
rElec   .            n - +0 cloak
rCorr   .            (no gloves)
SInv    .            c - +0 pair of boots
Will    .....        (no amulet) Stlth
                     o - ring of protection from cold
HPRegen 0.35/turn    (no ring)
MPRegen 0.11/turn

%: no passive effects
@: no status effects
A: horns 2, retaliatory headbutt
a: no special abilities


You were on level 1 of the Abyss.
You visited 2 branches of the dungeon, and saw 10 of its levels.
You visited the Abyss 1 time.

You collected 547 gold pieces.

Inventory:

Hand Weapons
 a - a +1 war axe (weapon)
 b - a +1 whip of venom
   (You found it on level 4 of the Dungeon)
Armour
 c - a +0 pair of boots (worn)
   (You found it on level 5 of the Dungeon)
 j - a +0 kite shield (worn)
   (You found it on level 5 of the Dungeon)
 n - a +0 cloak (worn)
   (You took it off Crazy Yiuf on level 5 of the Dungeon)
 p - +0 swamp dragon scales
   (You found it on level 6 of the Dungeon)
 w - a +0 plate armour (worn)
   (You took it off an orc warrior on level 8 of the Dungeon)
Jewellery
 e - an amulet of regeneration
   (You found it on level 7 of the Dungeon)
 g - a ring of positive energy
   (You found it on level 8 of the Dungeon)
 o - a ring of protection from cold (left hand)
   (You found it on level 4 of the Dungeon)
 u - a ring of resist corrosion
   (You found it on level 8 of the Dungeon)
Wands
 f - a wand of roots (8)
   (You found it on level 4 of the Dungeon)
 t - a wand of flame (6)
   (You found it on level 3 of the Dungeon)
 v - a wand of polymorph (6)
   (You took it off Erica on level 8 of the Dungeon)
Scrolls
 h - a scroll of silence
 k - 3 scrolls of vulnerability {!r}
 q - a scroll of fog
 s - a scroll of enchant weapon
 x - 2 scrolls of fear
Potions
 d - 3 potions of might
 i - 5 potions of curing {@q1}
 l - 2 potions of resistance
 m - a potion of berserk rage
 r - 3 potions of mutation {!q}
 z - 2 potions of cancellation {unknown}
 A - a potion of haste {unknown}


   Skills:
 + Level 9.4 Fighting
 * Level 12.3 Axes
 + Level 9.4 Armour
 + Level 9.4 Shields


You had 9 spell levels left.
You didn't know any spells.
Your spell library contained the following spells:

 Spells                   Type           Power      Damage    Failure   Level
 Necrotise                Necr           0%         1d4       100%        1
 Sting                    Tmut/Pois      0%         1d3       100%        1
 Poisonous Vapours        Pois/Air       0%         N/A       100%        2
 Vampiric Draining        Necr           0%         2d6       100%        3
 Cause Fear               Hex            0%         N/A       100%        4
 Olgreb's Toxic Radiance  Pois           0%         N/A       100%        4
 Agony                    Necr           0%         N/A       100%        5
 Dragon Form              Tmut           0%         N/A       100%        7
 Dragon's Call            Summ           0%         N/A       100%        9


Dungeon Overview and Level Annotations

Branches:
Dungeon (9/15)             Temple (1/1) D:4            Lair (0/5) D:8
    Orc: D:9-12

Altars:
Ashenzari
Cheibriados
Dithmenos
Elyvilon
Fedhas
Hepliaklqana
Kikubaaqudgha
Makhleb
Nemelex Xobeh
Ru
Sif Muna
Trog
Vehumet
Wu Jian
Xom
Yredelemnul
Zin
The Shining One

Shops:
D:7 (

Annotations:
D:3 2 transporters
D:9 Maggie


Innate Abilities, Weirdness & Mutations

You have a pair of horns on your head.
You reflexively headbutt those who attack you in melee.


Message History

You block the killer bee's attack.
The killer bee stings you but does no damage.
You slash the killer bee!
You kill the killer bee!
You feel sick.
You feel sick.
Okay, then.
You feel sick.
You feel sick.
You are no longer poisoned.
Key pressed, stopping explore.
A - a brown potion A yak comes into view.
The yak bellows!
A yak comes into view.
A yak comes into view.
Maggie the Vainglorious comes into view.
She is wielding a +2 long sword of distortion.
Maggie shouts!
The yak gores you!
You barely miss the yak. You headbutt the yak. You closely miss the yak.
The yak barely misses you. You block the yak's attack.
You slash the yak! You hit the yak but do no damage.
The yak gores you but does no damage. You block the yak's attack.
You hit the yak. You headbutt the yak. You slash the yak!
You completely miss the yak. You block the yak's attack. The yak gores you!
The yak gores you but does no damage.
You hit the yak. You headbutt the yak. You closely miss the yak.
You barely miss the yak. You completely miss Maggie. The yak gores you!
The yak gores you but does no damage. You block Maggie's attack.
The yak gores you.
You slash the yak!
You kill the yak!
You barely miss the yak. You slash the yak! You slash Maggie!
The yak gores you but does no damage. The yak gores you.
Maggie shouts, "Leave me alone!"
Maggie gestures at you while chanting. The bolt of fire misses you.
You hit Maggie.
You barely miss the yak. x2; You block the yak's attack.
Maggie gestures wildly while chanting.
Maggie attempts to bespell you!
You are mesmerised by Maggie!
The yak gores you!
You closely miss Maggie. You closely miss the yak. You hit the yak.
Maggie hits you with a +2 long sword of distortion!
* * * LOW HITPOINT WARNING * * *
You are cast into the Abyss!
This branch contains the abyssal rune of Zot.
A large abomination appears in a shower of sparks.
A large abomination is nearby!
A large abomination is nearby!

.........
.........
.........
#........
#........
.##.###........
...............
#@.# #..# #..#
#..# .X..
.ยงยง.. .....
....##.


You could see a large abomination (wandering).

Vanquished Creatures
  Erica (D:8)
  Grinder (D:5)
  A wyvern (D:7)
  Eustachio (D:3)
  4 yaks
  Grum (D:9)
  3 water moccasins
  3 ice beasts
  3 orc warriors
  2 wolves (D:9)
  An ogre (D:6)
  2 centaurs
  2 phantoms
  2 kobold brigands (D:6)
  5 bullfrogs
  Blork the orc (D:5)
  7 scorpions
  16 killer bees
  2 electric eels (D:6)
  3 howler monkeys (D:8)
  6 hounds
  4 jellies
  4 orc priests
  Crazy Yiuf (D:5)
  A gnoll bouda (D:8)
  A sleepcap (D:3)
  6 iguanas
  4 orc wizards
  Robin (D:4)
  15 gnolls
  7 adders
  A shadow imp (D:5)
  A white imp (D:6)
  2 ufetubi
  2 worms
  3 dart slugs
  24 orcs
  8 endoplasms
  4 giant cockroaches
  11 goblins
  13 hobgoblins
  5 quokkas
  8 ball pythons
  10 bats
  7 frilled lizards
  38 kobolds
  7 rats
255 creatures vanquished.

Vanquished Creatures (collateral kills)
  A kobold (D:4)
1 creature vanquished.

Grand Total: 256 creatures vanquished

Notes
Turn   | Place    | Note
-------+----------+-------------------------------------------
     0 | D:1      | DavidChitty2 the Minotaur Fighter began the quest for the
                  | Orb.
     0 | D:1      | Reached XP level 1. HP: 19/19 MP: 0/0
   132 | D:1      | Reached XP level 2. HP: 27/27 MP: 1/1
   210 | D:1      | Reached skill level 3 in Axes
   437 | D:1      | Reached XP level 3. HP: 30/33 MP: 2/2
   837 | D:2      | Found an ancient bone altar of Kikubaaqudgha.
  1526 | D:3      | Reached XP level 4. HP: 40/40 MP: 3/3
  1579 | D:3      | Reached skill level 4 in Axes
  1725 | D:3      | Found a transporter.
  1748 | D:3      | Reached XP level 5. HP: 43/47 MP: 4/4
  1865 | D:3      | Found a faded altar of an unknown god.
  1926 | D:3      | Found a transporter.
  2218 | D:4      | Noticed Eustachio
  2247 | D:3      | Killed Eustachio
  2248 | D:3      | Reached skill level 5 in Fighting
  2248 | D:3      | Reached skill level 5 in Axes
  2248 | D:3      | Reached XP level 6. HP: 52/56 MP: 5/5
  2276 | D:4      | Reached skill level 5 in Armour
  2276 | D:4      | Reached skill level 5 in Shields
  2286 | D:4      | Found an ancient bone altar of Kikubaaqudgha.
  2421 | D:4      | Found a staircase to the Ecumenical Temple.
  2462 | Temple   | Entered the Ecumenical Temple
  2898 | D:4      | Noticed Robin
  2903 | D:4      | Reached skill level 6 in Axes
  2903 | D:4      | Reached XP level 7. HP: 49/61 MP: 6/6
  2908 | D:4      | Killed Robin
  3251 | D:5      | Entered Level 5 of the Dungeon
  3527 | D:5      | Noticed Grinder
  3548 | D:5      | Paralysed by something for 5 turns
  3561 | D:5      | Killed Grinder
  3562 | D:5      | Reached skill level 7 in Axes
  3744 | D:5      | Reached XP level 8. HP: 68/70 MP: 7/7
  3958 | D:5      | Noticed Blork the orc
  3963 | D:5      | Killed Blork the orc
  3984 | D:5      | Found a runed translucent door.
  3985 | D:5      | Noticed Crazy Yiuf
  3991 | D:5      | Killed Crazy Yiuf
  4067 | D:5      | Reached skill level 8 in Axes
  4198 | D:5      | Found a burning altar of Makhleb.
  4198 | D:5      | Noticed a green death
  4365 | D:6      | Reached skill level 9 in Axes
  4647 | D:6      | Reached XP level 9. HP: 75/79 MP: 8/8
  5505 | D:6      | Reached skill level 10 in Axes
  5624 | D:6      | Found a bloodstained altar of Trog.
  6327 | D:7      | Found the Hermit's Pendant {Faith Invo=14 Evo=0 MP+5}
  6344 | D:7      | Found a glowing golden altar of the Shining One.
  6346 | D:7      | Found a shimmering blue altar of Sif Muna.
  6523 | D:7      | Found Sakink's Weapon Boutique.
  6605 | D:7      | Reached skill level 11 in Axes
  7072 | D:8      | Found a radiant altar of Vehumet.
  7165 | D:8      | Reached XP level 10. HP: 56/90 MP: 9/9
  7345 | D:8      | Noticed Erica
  7372 | D:8      | Killed Erica
  7659 | D:8      | Found a staircase to the Lair.
  8074 | D:8      | Found a shadowy altar of Dithmenos.
  8189 | D:9      | Reached skill level 12 in Axes
  8274 | D:9      | Noticed Grum
  8298 | D:9      | Killed Grum
  8673 | D:9      | Noticed Maggie
  8681 | Abyss:1  | Cast into level 1 of the Abyss (Maggie)
  8687 | Abyss:1  | Noticed a large abomination
  8687 | Abyss:1  | Quit the game

Illustrated notes

Levels and vault maps discovered:
D:1:      ncdulo_smallfort, layout_basic
D:2:      layout_loops_corners, basic_altar
D:3:      gammafunk_wand_slinger, layout_basic,
          shapermc_ecumenical_altar_totnotflames
D:4:      layout_rooms, mainiacjoe_overflow_cross_hatched,
          minmay_temple_entry_tees, uniq_eustachio, uniq_robin
D:5:      layout_loops_ring, makhleb_altar_promises_db, uniq_blork_the_orc,
          uniq_grinder, uniq_crazy_yiuf_cottage
D:6:      minmay_goblin_kobold_castle, layout_loops_ring, trog_book
D:7:      layout_basic, nicolae_overflow_hidden_temple, serial_shops, shop
D:8:      layout_cave_pools, mainiacjoe_overflow_alcove_2, fiery_altar_vehumet,
          grunt_lair_entry_orc_guard_hut, kennysheep_donut,
          minmay_misc_feat_nine_boxes, chequers_serial_rivers_micro_a,
          uniq_erica
D:9:      layout_long_grid, gammafunk_temple_overflow_statue, uniq_grum,
          uniq_harold, uniq_maggie, uniq_gastronok
Temple:   nicolae_temple_bog_church
Abyss:1:  base:
D:2

Skill      XL: |  1  2  3  4  5  6  7  8  9 10 |
---------------+-------------------------------+-----
Axes           | 3 4 5 6 7 9 11 12 | 12.3
Armour         | 4 5 6 7 8 9 |  9.4
Fighting       | 4 5 6 7 8 9 |  9.4
Shields        | 4 5 6 7 8 9 |  9.4

Action                     |  1- 3 |  4- 6 |  7- 9 | 10-12 || total
---------------------------+-------+-------+-------+-------++-------
  Melee: War axe           |    97 |   101 |   332 |   106 ||   636
         Headbutt          |     5 |    10 |    57 |    31 ||   103
         Unarmed           |       |       |       |    21 ||    21
  Evoke: Wand              |       |       |     5 |       ||     5
    Use: Scroll            |       |    10 |     6 |       ||    16
 Armour: Scale mail        |     9 |       |       |       ||     9
         Chain mail        |    51 |    93 |   166 |    18 ||   328
         Plate armour      |       |       |       |    50 ||    50
  Dodge: Dodged            |    45 |    66 |   117 |    49 ||   277
  Block: Buckler           |    20 |    40 |    13 |       ||    73
         Kite shield       |       |       |   171 |    77 ||   248

Table legend: (Time is in decaauts)
 A = Elapsed time spent in this place.
 B = Non-inter-level travel time spent in this place.
 C = Inter-level travel time spent in this place.
 D = Time resting spent in this place.
 E = Time spent auto-exploring this place.
 F = Levels seen in this place.
 G = Mean time per level.
                   A        B        C        D        E       F      G
               +--------+--------+--------+--------+--------+-----+--------+
         Total |   8815 |   8492 |    323 |    462 |   6364 |  11 |  801.4 |
       Dungeon |   8539 |   8231 |    308 |    462 |   6115 |   9 |  948.8 |
        Temple |    269 |    255 |     14 |      0 |    244 |   1 |  269.0 |
         Abyss |      5 |      5 |      0 |      0 |      5 |   1 |    5.0 |
               +--------+--------+--------+--------+--------+-----+--------+

Top non-repeatable levels by time:
     D:6: 1721 daAuts
     D:8: 1129 daAuts
     D:7: 1100 daAuts
     D:5: 1028 daAuts
     D:2: 906 daAuts
     D:4: 765 daAuts
     D:3: 745 daAuts
     D:1: 642 daAuts
     D:9: 499 daAuts
  Temple: 269 daAuts
 Abyss:1: 5 daAuts
